 Dungeon Crawl Stone Soup version 0.22.1-1-ga44c0e56f4 (webtiles) character file.

330542 Gargoyl the Schismatic (level 21, 0/184 HPs)
             Began as a Centaur Abyssal Knight on Oct 31, 2018.
             Was an Elder of Lugonu.
             Slain by a deep elf blademaster
             ... wielding a +0 rapier
              (9 damage)
             ... on level 2 of the Elven Halls on Nov 1, 2018.
             The game lasted 01:57:13 (70025 turns).

Gargoyl the Schismatic (Centaur Abyssal Knight)    Turns: 70025, Time: 01:57:14

Health: 0/184      AC: 32    Str: 22    XL:     21   Next: 17%
Magic:  19/33      EV:  0    Int: 13    God:    Lugonu [****..]
Gold:   2712       SH: 13    Dex: 14    Spells: 20/20 levels left

rFire    + + +     SeeInvis .   V - +11 hand axe of Indomitability {elec, Int+2 Dex+2}
rCold    + . .     Gourm    .   e - +2 shield {AC+3}
rNeg     . . .     Faith    .   P - +2 gold dragon scales (curse)
rPois    +         Spirit   .   S - +2 hat
rElec    .         Reflect  +   Q - +1 cloak {+Inv}
rCorr    .         Harm     .   T - +0 pair of gloves
MR       +....     Clarity  +   r - +4 centaur barding {rF+}
Stlth    ..........             d - +3 amulet of reflection
HPRegen  0.40/turn              w - +3 ring of evasion
MPRegen  0.23/turn              L - ring of protection from fire

@: extremely drained, very quick
A: large, antennae 1, hooves 3, slimy green scales 1, clarity, deformed body,
deterioration 1, speed 2, sense surroundings 1, tough skin 3, sturdy frame 1
}: 1/15 runes: gossamer
a: Depart the Abyss, Bend Space, Banish, Corrupt, Renounce Religion, Evoke
Invisibility


You were on level 2 of the Elven Halls.
You worshipped Lugonu.
Lugonu was greatly pleased with you.
You were not hungry.

You visited 6 branches of the dungeon, and saw 34 of its levels.
You visited the Abyss 6 times.
You also visited: Labyrinth, Sewer, Wizlab and Desolation.

You collected 3463 gold pieces.
You spent 751 gold pieces at shops.

Inventory:

Hand Weapons
 a - a +6 hand axe of electrocution
 q - the +7 hand axe of the Blind Eye {venom, rElec MP+9 Int-3 SInv}
   (You bought it in a shop on level 5 of the Dungeon)

   It poisons the flesh of those it strikes.
   It affects your intelligence (-3).
   It insulates you from electricity.
   It affects your magic capacity (+9).
   It lets you see invisible.
 z - a +0 hand axe of flaming
 V - the +11 hand axe of Indomitability (weapon) {elec, Int+2 Dex+2}
   (You found it on level 4 of the Spider Nest)

   Occasionally, upon striking a foe, it will discharge some electrical energy
   and cause terrible harm.
   It affects your intelligence (+2).
   It affects your dexterity (+2).
Missiles
 J - 8 silver javelins (quivered)
Armour
 e - a +2 shield of protection (worn)
 r - a +4 centaur barding of fire resistance (worn)
 P - cursed +2 gold dragon scales (worn)
 Q - a +1 cloak of invisibility (worn)
 S - a +2 hat (worn)
 T - a +0 pair of gloves (worn)
Jewellery
 d - a +3 amulet of reflection (around neck)
 w - a +3 ring of evasion (left hand)
 H - an uncursed ring of protection from fire
 L - a ring of protection from fire (right hand)
 X - a +5 ring of dexterity
 Y - an uncursed ring of flight
Wands
 v - a wand of digging (53)
 y - a wand of paralysis (13)
 I - a wand of scattershot (4)
Scrolls
 f - 14 scrolls of identify
 n - 6 scrolls of teleportation
 o - a scroll of brand weapon
 s - a scroll of blinking
 t - 19 scrolls of remove curse
 u - a scroll of amnesia
 B - 5 scrolls of immolation
 C - 6 scrolls of magic mapping
 D - 7 scrolls of fog
 E - 5 scrolls of fear
Potions
 b - 2 potions of berserk rage
 g - 2 potions of mutation
 h - 2 potions of resistance
 i - a potion of heal wounds
 j - 6 potions of ambrosia
 k - 8 potions of might
 m - 3 potions of brilliance
 p - 5 potions of curing
 x - 8 potions of magic
 G - 5 potions of flight
 Z - 2 potions of agility
Miscellaneous
 K - a box of beasts
Comestibles
 c - 34 rations


   Skills:
 + Level 15.0(2.8) Fighting
   Level 0.3(0.0) Long Blades
 + Level 16.2(3.6) Axes
 + Level 2.6(0.0) Throwing
 * Level 16.8(4.1) Armour
 + Level 3.8(0.0) Dodging
 + Level 11.2(0.0) Shields
 * Level 17.7(4.7) Invocations
 + Level 0.5(0.0) Evocations


You had 20 spell levels left.
You didn't know any spells.
Your spell library contained the following spells:

 Spells                   Type           Power        Failure   Level  Hunger
 Animate Skeleton         Necr           N/A          100%        1    ##.....
 Confusing Touch          Hex            #.....       100%        1    ##.....
 Pain                     Necr           #...         100%        1    ##.....
 Ensorcelled Hibernation  Hex/Ice        #.....       100%        2    ###....
 Passwall                 Tmut/Erth      #.......     100%        2    ###....
 Sublimation of Blood     Necr           #.........   100%        2    ###....
 Confuse                  Hex            #.......     100%        3    ####...
 Gell's Gravitas          Tloc           #.........   100%        3    ####...
 Ignite Poison            Fire/Tmut/Pois #.......     100%        3    ####...
 Recall                   Summ/Tloc      N/A          100%        3    ####...
 Regeneration             Chrm/Necr      #.........   100%        3    ####...
 Vampiric Draining        Necr           #.........   100%        3    ####...
 Animate Dead             Necr           N/A          100%        4    #####..
 Ice Form                 Ice/Tmut       #.......     100%        4    #####..
 Leda's Liquefaction      Hex/Erth       #.........   100%        4    #####..
 Petrify                  Tmut/Erth      #.......     100%        4    #####..
 Alistair's Intoxication  Tmut/Pois      #.......     100%        5    ######.
 Aura of Abjuration       Summ           #.........   100%        5    ######.
 Bolt of Magma            Conj/Fire/Erth #.........   100%        5    ######.
 Borgnjor's Vile Clutch   Necr/Erth      #.........   100%        5    ######.
 Fireball                 Conj/Fire      #.........   100%        5    ######.
 Irradiate                Conj/Tmut      #.........   100%        5    ######.
 Metabolic Englaciation   Hex/Ice        #.........   100%        5    ######.
 Silence                  Hex/Air        #.........   100%        5    ######.
 Summon Demon             Summ           #.........   100%        5    ######.
 Summon Forest            Summ/Tloc      #.........   100%        5    ######.
 Summon Mana Viper        Hex/Summ       #.......     100%        5    ######.
 Yara's Violent Unravell  Hex/Tmut       #.........   100%        5    ######.
 Bolt of Cold             Conj/Ice       #.........   100%        6    #######
 Bolt of Fire             Conj/Fire      #.........   100%        6    #######
 Darkness                 Hex            #.........   100%        6    #######
 Freezing Cloud           Conj/Ice/Air   #.........   100%        6    #######
 Iron Shot                Conj/Erth      #.........   100%        6    #######
 Ozocubu's Refrigeration  Ice            #.........   100%        6    #######
 Shadow Creatures         Summ           N/A          100%        6    #######
 Simulacrum               Ice/Necr       #.........   100%        6    #######
 Statue Form              Tmut/Erth      #........    100%        6    #######
 Ring of Flames           Chrm/Fire      #.........   100%        7    #######
 Ignition                 Fire           #.........   100%        8    #######
 Shatter                  Erth           #.........   100%        9    #######


Dungeon Overview and Level Annotations

Branches:
Dungeon (15/15)            Temple (0/1) D:7            Lair (6/6) D:10
 Shoals (0/4) Lair:2       Spider (4/4) Lair:3        Slime (0/5) Lair:6
    Orc (2/2) D:12            Elf (2/3) Orc:2        Vaults (5/5) D:14
  Crypt (0/3) Vaults:2     Depths (0/5) D:15

Altars:
Cheibriados
Dithmenos
Elyvilon
Fedhas
Gozag
Hepliaklqana
Kikubaaqudgha
Nemelex Xobeh
Qazlal
Sif Muna
Trog
Wu Jian
Yredelemnul
The Shining One
Beogh
Jiyva

Shops:
D:5 (%   Orc:2 [*:(   Elf:1 }=}   Vaults:2 [   Vaults:4 *

Annotations:
Lair:6 1 runed door
Vaults:5 corrupted


Innate Abilities, Weirdness & Mutations

You have hooves in place of feet.
Armour fits poorly on your strangely shaped body.
You cover ground very quickly.
You have extremely tough skin. (AC +3)
You have a pair of small antennae on your head.
You are partially covered in slimy green scales. (AC +2)
You possess an exceptional clarity of mind.
Your body sometimes deteriorates upon taking damage.
You passively map a small area around you.
Your movements are slightly less encumbered by armour. (ER -2)


Message History

You block the deep elf blademaster's attack.
You feel magically purged.
The deep elf blademaster hits you with a rapier.
* * * LOW HITPOINT WARNING * * *
The deep elf blademaster hits you but does no damage.
Unknown command.
Press: ? - help, Shift-Dir - straight line, f/p - deep elf blademaster
Aim: a deep elf blademaster, wielding two rapiers and wearing a leather armour You fail to use your ability.
You block the deep elf blademaster's attack. x2
Press: ? - help, Shift-Dir - straight line, f/p - deep elf blademaster
Aim: a deep elf blademaster, wielding two rapiers and wearing a leather armour The deep elf blademaster resists with almost no effort.
You feel somewhat more hungry.
You can no longer gate yourself to the Abyss.
The deep elf blademaster hits you but does no damage.
The deep elf blademaster hits you with a rapier!
* * * LOW HITPOINT WARNING * * *
The deep elf blademaster hits you with a rapier!
You die...

*******##############
*,**,.##..#..##.##..###
,,,,,.................#
,,,,,...........@e....##
,,,**...........##.....#
,,****#.......#####....#
,** ##.....## *#...#
,,**###.......###*#...##
,,.##...........##...##
,....................#*
,..........)[.........**
,.........)...........,*


You could see a deep elf blademaster.

Vanquished Creatures
  Margery (Vaults:3)
  Nikola (Vaults:1)
  Rupert (D:12)
  3 sphinxes
  2 tentacled starspawn (Abyss:2)
  2 fire giants (Vaults:3)
  A frost giant (Vaults:3)
  9 emperor scorpions
  4 ghost moths
  3 deep elf sorcerers
  A deep elf elementalist (Elf:2)
  A cacodemon (Abyss:2)
  A curse skull (Vaults:2)
  9 vault wardens
  An orc warlord (Orc:2)
  11 ironheart preservers
  5 stone giants
  4 very ugly things
  A war gargoyle (Vaults:3)
  A vampire knight (Vaults:2)
  3 entropy weavers
  2 deep elf annihilators (Vaults:4)
  A minotaur (Lab)
  A starcursed mass (Abyss:1)
  A lorocyproca (Abyss:2)
  An ettin (shapeshifter) (Vaults:3)
  Josephine (D:12)
  2 fire dragons (Vaults:1)
  Snorg (Lair:6)
  4 yaktaur captains
  3 great orbs of eyes
  A ragged hierophant (Desolation)
  A rakshasa (Vaults:1)
  3 servants of whispers (Desolation)
  16 vault guards
  3 peacekeepers (Desolation)
  6 ice dragons
  Fannar (Lair:3)
  5 death knights
  11 centaur warriors
  An anaconda (shapeshifter) (D:15)
  2 deep troll shamans
  44 two-headed ogres
  A queen ant (Spider:1)
  A tengu warrior (D:14)
  A catoblepas (Lair:6)
  14 ogre magi
  2 deep troll earth magi
  4 orc high priests
  22 dancing weapons
  A thrashing horror (Abyss:1)
  Nergalle (Lair:4)
  Sonja (Lair:3)
  20 deep elf knights
  4 hell knights
  3 skeletal warriors
  2 fire crabs (shapeshifter) (Vaults:3)
  A sixfirhy (Abyss:4)
  4 shadow wraiths
  12 deep trolls
  6 wizards
  4 unseen horrors
  A flayed ghost (Vaults:2)
  3 phantasmal warriors (Vaults:2)
  13 deep elf archers
  2 glowing orange brains
  10 ironbrand convokers
  3 harpies (Vaults:3)
  13 orc knights
  2 necromancers
  4 manticores
  4 orc sorcerers
  2 cyclopes
  21 orb spiders
  53 deep elf magi
  42 ugly things
  A manticore (shapeshifter) (Vaults:3)
  27 wolf spiders
  A worldbinder (Abyss:1)
  A merfolk siren (Lair:2)
  Maurice (Orc:1)
  A guardian serpent (Desolation)
  5 black mambas
  13 vault sentinels
  A naga mage (D:15)
  An eye of devastation (Abyss:4)
  28 spiny frogs
  4 centaur skeletons
  2 gargoyles (D:15)
  3 kobold demonologists
  17 demonic crawlers
  An efreet (Abyss:1)
  16 yaktaurs
  2 rime drakes
  5 freezing wraiths
  6 komodo dragons
  3 ancient zymes
  A tengu conjurer (D:14)
  32 jumping spiders
  A queen bee (shapeshifter) (D:14)
  A polar bear (Lair:4)
  4 tyrant leeches
  9 trolls
  5 hornets
  A harpy skeleton (D:15)
  9 hippogriffs
  21 saltlings (Desolation)
  8 raiju
  29 blink frogs
  26 slime creatures
  A raiju (shapeshifter) (Elf:1)
  A meliai zombie (D:14)
  5 dream sheep (Lair:4)
  2 human simulacra
  A water elemental (D:15)
  80 redbacks
  A spriggan (D:7)
  2 shadows
  2 air elementals (Elf:2)
  Sigmund (D:5)
  23 tarantellas
  5 large abominations
  10 wraiths
  2 fire elementals
  46 yaks
  3 small abominations (WizLab)
  7 wyverns
  A yak (shapeshifter) (Vaults:1)
  3 basilisks
  10 vampire mosquitoes
  2 hungry ghosts
  A golden eye (shapeshifter) (Vaults:3)
  A chaos spawn (Abyss:1)
  A neqoxec (Abyss:2)
  6 wargs
  Menkaure (D:5)
  2 acid dragons
  A soldier ant (shapeshifter) (Vaults:2)
  24 soldier ants (Spider:1)
  13 water moccasins
  12 porcupines
  4 ice beasts
  5 eyes of draining
  53 orc warriors
  An ettin simulacrum (Vaults:4)
  A phantom (D:13)
  5 black bears
  3 sky beasts
  A black bear (shapeshifter) (Vaults:2)
  A necrophage (D:9)
  29 ogres
  28 centaurs
  14 wolves
  14 crocodiles
  4 big kobolds
  25 bullfrogs
  Blork the orc (D:6)
  3 human zombies (Vaults:4)
  3 earth elementals
  A wyvern skeleton (D:9)
  8 scorpions
  15 killer bees
  5 electric eels
  6 wights
  A lava snake (D:9)
  4 centaur zombies
  7 crimson imps
  A bullfrog zombie (D:8)
  4 quasits
  A gnoll shaman (D:10)
  3 jellies
  A hound (D:8)
  16 orc priests
  Crazy Yiuf (D:5)
  An iron imp (Abyss:2)
  An iguana (D:5)
  22 orc wizards
  34 worker ants
  3 hound skeletons
  4 worker ant zombies
  9 gnolls
  A howler monkey skeleton (D:4)
  14 adders
  2 shadow imps
  3 white imps (Abyss:1)
  3 oozes
  An adder zombie (D:8)
  2 worms
  6 dart slugs
  2 leopard geckos
  78 orcs
  8 ball pythons
  16 bats
  4 giant cockroaches
  3 goblins (D:2)
  12 hobgoblins
  15 jackals
  28 kobolds
  9 quokkas
  6 frilled lizards
  A leopard gecko skeleton (D:4)
  2 quokka skeletons
  14 rats
  16 fungi
  A pillar of salt (Elf:2)
  6 plants
  3 starspawn tentacles (Abyss:2)
1608 creatures vanquished.

Vanquished Creatures (others)
  An emperor scorpion (D:15)
  A very ugly thing (Abyss:1)
  4 entropy weavers
  8 hydras
  2 yaktaur captains
  A deep elf knight (Elf:2)
  A wizard (Vaults:1)
  A deep elf mage (Elf:2)
  A deep elf archer (Elf:2)
  A cyclops (D:15)
  A spiny frog (Lair:2)
  2 yaktaurs
  A saltling (Desolation)
  A tarantella (Spider:1)
  A spriggan (shapeshifter) (Elf:2)
  An orc warrior (Orc:2)
  3 centaurs
  2 orcs (Vaults:1)
  19 fungi
  8 pillars of salt (Elf:2)
  43 plants
  6 starspawn tentacles
109 creatures vanquished.

Grand Total: 1717 creatures vanquished

Notes
Turn   | Place    | Note
-------+----------+-------------------------------------------
     0 | Abyss:1  | Gargoyl the Centaur Abyssal Knight began the quest for the
                  | Orb.
     0 | Abyss:1  | Reached XP level 1. HP: 19/19 MP: 2/2
    74 | Abyss:1  | Noticed a spatial vortex
    74 | Abyss:1  | Noticed a spatial vortex
   110 | Abyss:1  | Noticed a wretched star
   111 | D:1      | Escaped the Abyss
   233 | D:1      | Reached XP level 2. HP: 16/26 MP: 3/3
   255 | D:1      | Reached * piety under Lugonu
   787 | D:1      | Reached XP level 3. HP: 31/31 MP: 4/4
  1391 | D:2      | Found a snail-covered altar of Cheibriados.
  1640 | D:2      | Reached XP level 4. HP: 38/38 MP: 5/5
  1699 | D:2      | Reached ** piety under Lugonu
  2586 | D:3      | Reached skill level 1 in Dodging
  2956 | D:3      | Reached XP level 5. HP: 42/46 MP: 7/7
  3383 | D:3      | Reached skill level 3 in Invocations
  3509 | D:4      | Found a stormy altar of Qazlal.
  3540 | D:4      | Found a stormy altar of Qazlal.
  3629 | D:4      | Reached *** piety under Lugonu
  3778 | D:4      | Reached XP level 6. HP: 39/52 MP: 8/8
  4283 | D:5      | Entered Level 5 of the Dungeon
  4348 | D:5      | Found a glowing drain.
  4354 | D:5      | Noticed Sigmund
  4360 | Sewer    | Entered a sewer
  5094 | D:5      | Killed Sigmund
  5094 | D:5      | Reached XP level 7. HP: 59/59 MP: 9/9
  5242 | D:5      | Found Wysoch Goschy's Antique Weapon Emporium.
  5354 | D:5      | Bought a blackened hand axe for 232 gold pieces
  5354 | D:5      | Identified the +7 hand axe of the Blind Eye {venom, rElec
                  | MP+9 Int-3 SInv} (You bought it in a shop on level 5 of the
                  | Dungeon)
  5434 | D:5      | Noticed Menkaure
  5442 | D:5      | Killed Menkaure
  5442 | D:5      | Reached **** piety under Lugonu
  5442 | D:5      | Reached skill level 4 in Invocations
  5930 | D:5      | Found Duilu's Food Boutique.
  6046 | D:5      | Found a sparkling altar of Nemelex Xobeh.
  6079 | D:5      | Reached XP level 8. HP: 43/67 MP: 11/11
  6222 | D:5      | Found a runed door.
  6449 | D:5      | Noticed Crazy Yiuf
  6454 | D:5      | Killed Crazy Yiuf
  6569 | D:6      | Noticed Blork the orc
  6577 | D:6      | Killed Blork the orc
  6577 | D:6      | Reached skill level 5 in Axes
  6621 | D:6      | Identified a scroll of acquirement
  6941 | D:6      | Found a deep blue altar of Sif Muna.
  7064 | D:6      | Reached skill level 5 in Invocations
  7271 | D:6      | Found a white marble altar of Elyvilon.
  7515 | D:6      | Found an ornate altar of the Wu Jian Council.
  7609 | D:6      | Found a bloodstained altar of Trog.
  7619 | D:6      | Reached skill level 5 in Fighting
  7627 | D:6      | Reached skill level 1 in Throwing
  8050 | D:7      | Reached XP level 9. HP: 74/74 MP: 13/13
  8056 | D:7      | Reached skill level 5 in Armour
  8066 | D:7      | Reached skill level 6 in Invocations
  8148 | D:7      | Found a basalt altar of Yredelemnul.
  8192 | D:7      | Found a staircase to the Ecumenical Temple.
  8415 | D:7      | Found an opulent altar of Gozag.
  8563 | D:7      | Reached ***** piety under Lugonu
  9385 | D:8      | Found a basalt altar of Yredelemnul.
  9660 | D:8      | Reached XP level 10. HP: 79/83 MP: 15/15
  9874 | D:8      | Reached skill level 7 in Invocations
 11001 | D:9      | Found an ancient bone altar of Kikubaaqudgha.
 11004 | D:9      | Found a blossoming altar of Fedhas.
 11007 | D:9      | Found a hazy altar of Hepliaklqana.
 11499 | D:10     | Entered Level 10 of the Dungeon
 11525 | D:10     | Noticed an unseen horror
 11536 | D:10     | Killed an unseen horror
 11602 | D:10     | Noticed a two-headed ogre
 11610 | D:10     | Killed a two-headed ogre
 11696 | D:10     | Noticed an unseen horror
 11714 | D:10     | Killed an unseen horror
 11787 | D:10     | Found a blossoming altar of Fedhas.
 11823 | D:10     | Reached XP level 11. HP: 67/91 MP: 16/16
 12384 | D:10     | Found the +7 Singing Sword
 12457 | D:10     | Found a staircase to the Lair.
 12716 | Lair:1   | Entered Level 1 of the Lair of Beasts
 12732 | D:10     | Reached skill level 8 in Invocations
 13306 | Lair:1   | Reached ****** piety under Lugonu
 13495 | Lair:1   | Noticed a six-headed hydra
 13500 | Lair:1   | Banished a six-headed hydra
 13675 | Lair:1   | Reached skill level 10 in Axes
 14367 | Lair:1   | Reached skill level 9 in Invocations
 14612 | Lair:2   | Noticed a four-headed hydra
 14615 | Lair:2   | Banished a four-headed hydra
 14833 | Lair:2   | Gained mutation: You tend to lose your temper in combat.
                  | [potion of mutation]
 14833 | Lair:2   | Lost mutation: You tend to lose your temper in combat.
                  | [potion of mutation]
 14833 | Lair:2   | Gained mutation: You are frail. (-10% HP) [potion of
                  | mutation]
 14833 | Lair:2   | Gained mutation: You can translocate small distances at
                  | will. [potion of mutation]
 14834 | Lair:2   | Lost mutation: You are frail. (-10% HP) [potion of
                  | mutation]
 14834 | Lair:2   | Lost mutation: You can translocate small distances at will.
                  | [potion of mutation]
 14834 | Lair:2   | Gained mutation: Your magical capacity is low. (-10% MP)
                  | [potion of mutation]
 14834 | Lair:2   | Gained mutation: You are covered in fur. (AC +1) [potion of
                  | mutation]
 14835 | Lair:2   | Lost mutation: Your magical capacity is low. (-10% MP)
                  | [potion of mutation]
 14835 | Lair:2   | Lost mutation: You are covered in fur. (AC +1) [potion of
                  | mutation]
 14835 | Lair:2   | Gained mutation: Your movements are slightly less
                  | encumbered by armour. (ER -2) [potion of mutation]
 14835 | Lair:2   | Gained mutation: You passively map a small area around you.
                  | [potion of mutation]
 14835 | Lair:2   | Gained mutation: You possess an exceptional clarity of
                  | mind. [potion of mutation]
 14835 | Lair:2   | Gained mutation: You are partially covered in slimy green
                  | scales. (AC +2) [potion of mutation]
 14909 | Lair:2   | Found a staircase to the Shoals.
 15273 | Lair:2   | Reached XP level 12. HP: 40/100 MP: 19/19
 15914 | Lair:3   | Noticed Fannar
 15934 | Lair:3   | Killed Fannar
 16097 | Lair:3   | Noticed Sonja
 16129 | Lair:2   | HP: 2/101 [spiny frog (8)]
 16436 | Lair:3   | Killed Sonja
 17011 | Lair:3   | Noticed a four-headed hydra
 17015 | Lair:3   | Banished a four-headed hydra
 17415 | Lair:3   | Found a hole to the Spider Nest.
 17682 | Lair:3   | Noticed a six-headed hydra
 17689 | Lair:3   | Banished a six-headed hydra
 17696 | Lair:3   | Reached skill level 10 in Invocations
 18269 | Lair:3   | Noticed a five-headed hydra
 18274 | Lair:3   | Banished a five-headed hydra
 19302 | Lair:4   | Reached skill level 1 in Shields
 19868 | Lair:4   | Noticed Nergalle
 19888 | Lair:4   | Killed Nergalle
 19888 | Lair:4   | Reached skill level 11 in Invocations
 20247 | Lair:4   | Reached XP level 13. HP: 95/108 MP: 21/21
 20826 | Lair:5   | Reached skill level 10 in Armour
 21563 | Lair:6   | Entered Level 6 of the Lair of Beasts
 24384 | Lair:6   | Found the +3 salamander hide armour {+Rage rF++}
 24453 | Lair:6   | Reached skill level 12 in Invocations
 24688 | Lair:6   | Reached XP level 14. HP: 117/118 MP: 23/23
 24817 | Lair:6   | Noticed Snorg
 24886 | Lair:6   | Killed Snorg
 25225 | Lair:6   | Found a runed door.
 25227 | Lair:6   | Found a viscous altar of Jiyva.
 25227 | Lair:6   | Noticed an acid blob
 25228 | Lair:6   | Noticed an acid blob
 25228 | Lair:6   | Noticed an acid blob
 25229 | Lair:6   | Found a staircase to the Slime Pits.
 25234 | Lair:6   | Noticed an acid blob
 27199 | D:12     | Noticed Rupert
 27237 | D:12     | Paralysed by Rupert for 3 turns
 27257 | D:12     | Killed Rupert
 27629 | D:12     | Noticed Josephine
 27638 | D:12     | Killed Josephine
 28038 | D:12     | Found a staircase to the Orcish Mines.
 28480 | D:13     | Found a labyrinth entrance.
 28487 | Lab      | Entered a labyrinth
 28657 | Lab      | Identified Soruohorisch's Reference Book on Clay
 29071 | D:13     | Found a shadowy altar of Dithmenos.
 29173 | D:13     | Found a glowing golden altar of the Shining One.
 30076 | D:14     | Reached skill level 10 in Fighting
 30940 | D:14     | Reached XP level 15. HP: 126/126 MP: 24/24
 31256 | D:14     | Found a gate to the Vaults.
 31509 | D:15     | Entered Level 15 of the Dungeon
 31629 | D:15     | Reached skill level 13 in Invocations
 31855 | D:15     | Found a staircase to the Depths.
 33409 | Orc:1    | Entered Level 1 of the Orcish Mines
 33623 | Orc:1    | Noticed Maurice
 33639 | Orc:1    | Killed Maurice
 34155 | Orc:2    | Entered Level 2 of the Orcish Mines
 34155 | Orc:2    | Found Ohiehoex's Antique Weapon Shoppe.
 34805 | Orc:2    | Found Hutymer's Book Boutique.
 34815 | Orc:2    | Bought a glowing war axe for 182 gold pieces
 34839 | Orc:2    | Found Zuann's Antique Armour Boutique.
 34876 | Orc:2    | Noticed an orc warlord
 34886 | Orc:2    | Found a roughly hewn altar of Beogh.
 34911 | Orc:2    | Killed an orc warlord
 35234 | Orc:2    | Found a staircase to the Elven Halls.
 35403 | Orc:2    | Found Yvyod's General Store.
 35533 | Orc:2    | Bought a scroll of enchant armour for 112 gold pieces
 35533 | Orc:2    | Bought 2 scrolls of blinking for 225 gold pieces
 35967 | Spider:1 | Entered Level 1 of the Spider Nest
 36216 | Spider:1 | Reached skill level 5 in Shields
 37416 | Spider:1 | Reached XP level 16. HP: 135/136 MP: 26/26
 39390 | Spider:2 | Reached skill level 14 in Invocations
 41358 | Spider:4 | Entered Level 4 of the Spider Nest
 42935 | Spider:4 | Got a bloodstained hand axe
 42936 | Spider:4 | Identified the +11 hand axe of Indomitability {elec, Int+2
                  | Dex+2} (You found it on level 4 of the Spider Nest)
 43523 | Spider:4 | Reached XP level 17. HP: 28/146 MP: 27/27
 44658 | Spider:4 | Got a gossamer rune of Zot
 45145 | Vaults:1 | Entered Level 1 of the Vaults
 45338 | Vaults:1 | Noticed Nikola
 45593 | Vaults:1 | Killed Nikola
 46169 | Vaults:1 | Paralysed by an ogre mage for 6 turns
 47280 | Vaults:1 | Reached skill level 15 in Invocations
 48681 | Vaults:1 | Reached XP level 18. HP: 76/156 MP: 29/29
 49255 | Vaults:1 | Cast into level 2 of the Abyss (a wizard)
 49358 | Abyss:2  | Gained mutation: You have a pair of small antennae on your
                  | head. [a neqoxec]
 49565 | Abyss:2  | Gained mutation: Your body sometimes deteriorates upon
                  | taking damage. [a cacodemon]
 49576 | Vaults:1 | Escaped the Abyss
 51421 | Vaults:2 | Found a magical portal.
 51429 | WizLab   | Entered Cigotuvi's Fleshworks
 51549 | WizLab   | Reached skill level 15 in Armour
 51594 | Vaults:2 | Reached skill level 15 in Axes
 52222 | Vaults:2 | Cast into level 4 of the Abyss (a deep elf sorcerer)
 52362 | Vaults:2 | Escaped the Abyss
 52748 | Vaults:2 | Paralysed by something for 3 turns
 53015 | Vaults:2 | Paralysed by a vampire knight for 5 turns
 53746 | Vaults:2 | Found Lidimofy's Antique Armour Boutique.
 54006 | Abyss:1  | Noticed a bone dragon
 54069 | Vaults:2 | Escaped the Abyss
 54821 | Vaults:2 | Found a staircase to the Crypt.
 55380 | Vaults:3 | Reached skill level 16 in Invocations
 55702 | Vaults:3 | Reached XP level 19. HP: 120/165 MP: 31/31
 57081 | Vaults:3 | Paralysed by a sphinx for 2 turns
 58137 | Vaults:3 | Paralysed by a sphinx for 2 turns
 60117 | Abyss:1  | Found a corrupted altar of Lugonu.
 60609 | Abyss:1  | Noticed a bone dragon
 60623 | Vaults:4 | Escaped the Abyss
 61463 | Vaults:4 | Noticed Margery
 61491 | Vaults:3 | Killed Margery
 61554 | Vaults:4 | Reached skill level 10 in Shields
 61569 | Vaults:3 | Reached XP level 20. HP: 125/174 MP: 32/32
 62000 | Vaults:4 | Reached skill level 17 in Invocations
 64077 | Vaults:4 | Found Coynyiko's General Store.
 64206 | Vaults:5 | Entered Level 5 of the Vaults
 64207 | Vaults:5 | Corrupted Vaults:5
 64207 | Vaults:5 | Noticed a bone dragon
 64209 | Vaults:5 | Noticed a bone dragon
 64626 | Elf:1    | Entered Level 1 of the Elven Halls
 65071 | Elf:1    | Found Lotzybil's Gadget Shoppe.
 65071 | Elf:1    | Found Celeh's Jewellery Shop.
 65100 | Elf:1    | Found Nukyvec's Gadget Shoppe.
 66542 | Elf:2    | Found a ruined gateway.
 66566 | Desolati | Entered the Desolation of Salt
 67292 | Desolati | Escaped the Abyss
 68354 | Elf:2    | Reached XP level 21. HP: 183/183 MP: 33/33
 68356 | Elf:2    | Found a runed gate.
 68357 | Elf:2    | Found a runed gate.
 68358 | Elf:2    | Found a runed gate.
 68658 | Elf:2    | Reached skill level 15 in Fighting
 70025 | Elf:2    | HP: 9/184 [deep elf blademaster/rapier (16)]
 70025 | Elf:2    | Slain by a deep elf blademaster

Skill      XL: |  1  2  3  4  5  6  7  8  9 10 11 12 13 14 15 16 17 18 19 20 21 |
---------------+----------------------------------------------------------------+-----
Axes           | 2 3 4 6 7 9 10 11 12 13 14 15 16 | 16.2
Armour         | 2 3 4 5 7 8 9 11 12 13 14 15 16 | 16.8
Dodging        | 1 2 3 |  3.8
Invocations    | 3 4 5 6 7 9 11 12 13 14 15 16 17 | 17.7
Fighting       | 4 5 6 7 8 9 10 11 12 13 14 15 | 15.0
Throwing       | 1 2 |  2.6
Shields        | 1 2 4 5 6 7 8 10 11 | 11.2
Long Blades    | |  0.3
Evocations     | |  0.5

Action                   |  1- 3 |  4- 6 |  7- 9 | 10-12 | 13-15 | 16-18 | 19-21 || total
-------------------------+-------+-------+-------+-------+-------+-------+-------++-------
Melee: Hand axe          |   146 |   220 |   236 |   642 |  1842 |  2281 |  1824 ||  7191
       Kick              |    20 |    33 |    45 |   162 |   554 |   803 |   637 ||  2254
       Double sword      |       |       |       |    10 |       |       |       ||    10
Throw: Tomahawk          |       |       |     6 |     1 |       |       |       ||     7
       Javelin           |       |       |       |     7 |    10 |     5 |    12 ||    34
Invok: Depart the Abyss  |     1 |       |       |       |       |     3 |     2 ||     6
       Banish            |       |       |       |    13 |     9 |     3 |     9 ||    34
       Bend Space        |       |       |       |     1 |     2 |     2 |     3 ||     8
       Enter the Abyss   |       |       |       |       |       |     1 |     2 ||     3
       Corrupt           |       |       |       |       |       |       |     1 ||     1
Evoke: Wand              |       |       |       |       |    11 |       |       ||    11
       Sack of spiders   |       |       |       |       |     1 |       |       ||     1
  Use: Scroll            |     4 |     8 |     6 |    13 |     9 |    13 |     9 ||    62
       Potion            |       |       |       |     6 |    10 |     8 |     6 ||    30
 Stab: Invisible         |       |       |     1 |       |       |     3 |       ||     4
       Petrified         |       |       |       |       |     3 |       |       ||     3
  Eat: Chunk             |     2 |     5 |    12 |    22 |    28 |    28 |    15 ||   112
       Ration            |       |     1 |     1 |     3 |     7 |     8 |    10 ||    30
Armor: Leather armour    |    34 |       |       |       |       |       |       ||    34
       Ring mail         |    32 |   112 |    56 |       |       |       |       ||   200
       Plate armour      |       |       |    96 |   541 |   479 |       |       ||  1116
       Chain mail        |       |       |    12 |       |       |       |       ||    12
       Gold dragon scale |       |       |       |       |   791 |  1771 |  1135 ||  3697
Dodge: Dodged            |    75 |   112 |    60 |   130 |   329 |   381 |   277 ||  1364
Block: Other             |    17 |    15 |    22 |    41 |       |       |       ||    95
       Buckler           |       |       |       |    84 |   597 |   529 |       ||  1210
       Reflection        |       |       |       |     2 |    39 |    56 |    52 ||   149
       Shield            |       |       |       |       |       |   476 |  1246 ||  1722
       Rpst.: Double sword |       |       |       |     2 |       |       |       ||     2
